 Dungeon Crawl Stone Soup version 0.28.0-53-g5a82cb258f (webtiles) character file.

Game seed: 5474172454419306254

5 Ashen the Ogre Mage (level 1, 0/18 HPs)
             Began as an Ogre Hedge Wizard on June 17, 2022.
             Slain by a goblin
             ... wielding a +0 club
              (1 damage)
             ... on level 1 of the Dungeon.
             The game lasted 00:00:53 (84 turns).

Ashen the Ogre Mage (Ogre Hedge Wizard)               Turns: 84, Time: 00:00:53

Health: 0/18       AC:  3    Str: 13    XL:     1   Next: 80%
Magic:  1/5        EV:  9    Int: 15    God:
Gold:   15         SH:  0    Dex:  8    Spells: 6/7 levels left

rFire   . . .      SeeInvis .   d - +0 mace
rCold   . . .      Faith    .   (no shield)
rNeg    . . .      Spirit   .   b - +0 robe
rPois   .          Reflect  .   c - +0 hat
rElec   .          Harm     .   (no cloak)
rCorr   .          Rampage  .   (gloves unavailable)
Will    .....                   (boots unavailable)
Stlth   +.........              (no amulet)
HPRegen 0.06/turn               (no ring)
MPRegen 0.09/turn               (no ring)

@: very slightly contaminated
A: large, unfitting armour, tough skin 1
a: no special abilities


You were on level 1 of the Dungeon.
You visited 1 branch of the dungeon, and saw 1 of its levels.

You collected 15 gold pieces.

Inventory:

Hand Weapons
 d - a +0 mace (weapon)
Armour
 b - a +0 robe (worn)
 c - a +0 hat (worn)


   Skills:
 + Level 0.3 Fighting
 + Level 1.8 Dodging
 + Level 1.5 Stealth
 * Level 3.7 Spellcasting
 + Level 1.0 Conjurations
 + Level 1.0 Summonings
 + Level 1.0 Translocations


You had 6 spell levels left.
You knew the following spells:

 Your Spells              Type           Power      Damage    Failure   Level
a - Magic Dart            Conj           20%        1d4       12%         1

Your spell library contained the following spells:

 Spells                   Type           Power      Damage    Failure   Level
 Slow                     Hex            8%         N/A       19%         1
 Blink                    Tloc           10%        N/A       19%         2
 Call Imp                 Summ           5%         N/A       19%         2
 Conjure Flame            Conj/Fire      4%         6-21      41%         3
 Mephitic Cloud           Conj/Pois/Air  3%         N/A       43%         3


Dungeon Overview and Level Annotations

Branches:
Dungeon (1/15)

Altars:


Innate Abilities, Weirdness & Mutations

You are too large for most types of armour.
You have tough skin. (AC +1)


Message History

The giant cockroach bites you but does no damage. x2
You hit the giant cockroach.
The giant cockroach is severely wounded.
The giant cockroach bites you but does no damage.
You barely miss the giant cockroach.
The giant cockroach is severely wounded.
The giant cockroach bites you.
* * * LOW HITPOINT WARNING * * *
The giant cockroach bites you but does no damage.
Your magical contamination has completely faded away.
You closely miss the giant cockroach.
The giant cockroach is severely wounded.
The giant cockroach barely misses you. The giant cockroach bites you.
* * * LOW HITPOINT WARNING * * *
You barely miss the giant cockroach.
The giant cockroach is severely wounded.
The giant cockroach barely misses you.
Casting: Magic Dart (safe; 13% risk of failure)
Confirm with . or Enter, or press ? or * to list all spells.
Aiming: Magic Dart (safe; 13% risk of failure)
Press: ? - help, Shift-Dir - straight line, f/p - giant cockroach
Aim: a giant cockroach (severely wounded, 100% to hit)
You miscast Magic Dart.
You are very lightly contaminated with residual magic.
Nothing appears to happen.
The giant cockroach closely misses you.
You barely miss the giant cockroach.
The giant cockroach is severely wounded.
The giant cockroach bites you.
* * * LOW HITPOINT WARNING * * *
The giant cockroach closely misses you.
You aren't carrying any potions.
You aren't carrying any scrolls.
You hit the giant cockroach.
You kill the giant cockroach!
Your Conjurations skill increases to level 1!
Your Translocations skill increases to level 1!
You hit the goblin but do no damage.
The goblin is severely wounded.
The goblin hits you with a +0 club.
You die...

.B..##....#
..........#
..........#
.........K##
.......##.g#
....... ##B## #
####... #..#
#.### #...####.##
.....
+...+@gK..##.(...
#...###..........
#... #..........
#..........
#.....#+###
#.....#.#
#.....#.#
#.....#.########
##..)..........#


You could see a goblin and a kobold.

Vanquished Creatures
  A ball python (D:1)
  A giant cockroach (D:1)
  A hobgoblin (D:1)
  2 rats (D:1)
5 creatures vanquished.

Notes
Turn   | Place    | Note
-------+----------+-------------------------------------------
     0 | D:1      | Ashen the Ogre Hedge Wizard began the quest for the Orb.
     0 | D:1      | Reached XP level 1. HP: 16/16 MP: 5/5
    69 | D:1      | Reached skill level 1 in Summonings
    84 | D:1      | Reached skill level 1 in Conjurations
    84 | D:1      | Reached skill level 1 in Translocations
    84 | D:1      | Slain by a goblin

Illustrated notes

Levels and vault maps discovered:
D:1:      dpeg_arrival_tiny_d, layout_basic

Skill      XL: |  1 |
---------------+----+-----
Summonings     | 1 |  1.0
Conjurations   | 1 |  1.0
Translocations | 1 |  1.0
Fighting       | |  0.3
Dodging        | |  1.8
Stealth        | |  1.5
Spellcasting   | |  3.7

Action                   || total
-------------------------++-------
Melee: Mace              ||    22
 Cast: Magic Dart        ||     3
Armor: Robe              ||    12
Dodge: Dodged            ||    21
